 Dungeon Crawl Stone Soup version 0.18-a0-824-g47fe746 (webtiles) character file.

106 deanyohobro the Ducker (level 4, -10/22 HPs)
             Began as a Spriggan Assassin on Dec 17, 2015.
             Mangled by an orc warrior
             ... wielding a +0 rapier
              (18 damage)
             ... on level 3 of the Dungeon.
             The game lasted 00:10:04 (2805 turns).

deanyohobro the Ducker (Spriggan Assassin)          Turns: 2805, Time: 00:10:04

Health: -10/22     AC:  3    Str:  7    XL:     4   Next: 55%
Magic:  5/5        EV: 21    Int: 12    God:
Gold:   92         SH:  0    Dex: 18    Spells: 0 memorised, 3 levels left

rFire  . . .     SeeInvis +     a - +2 dagger
rCold  . . .     Gourm    .     c - +0 robe
rNeg   . . .     Faith    .     (shield restricted)
rPois  .         Spirit   .     (helmet restricted)
rElec  .         Dismiss  .     d - +0 cloak
rCorr  .         Reflect  .     (gloves unavailable)
SustAt .         Harm     .     (boots unavailable)
MR     .....                    (no amulet)
Stlth  +++.......               (no ring)
                                (no ring)

@: drained, very quick, not resistant to hostile enchantments, fairly stealthy
A: unfitting armour, see invisible, herbivore 3, speed 3, slow metabolism 2
a: no special abilities


You were on level 3 of the Dungeon.
You were not hungry.

You visited 1 branch of the dungeon, and saw 3 of its levels.

You collected 92 gold pieces.

Inventory:

Hand Weapons
 a - a +2 dagger (weapon)
 b - a +0 blowgun
 t - a +0 falchion of pain
 u - a +0 dagger of protection
 v - a +0 dagger of draining
Missiles
 f - a curare-tipped needle
 w - 6 poisoned needles
Armour
 c - a +0 robe (worn)
 d - a +0 cloak (worn)
Wands
 e - a wand of fire (9)
Scrolls
 h - a scroll of immolation {unknown}
 i - 3 scrolls of identify {unknown}
 k - a scroll of blinking {unknown}
 n - 3 scrolls of remove curse {unknown}
 o - a scroll of recharging {unknown}
 p - a scroll of enchant armour {unknown}
 r - a scroll of noise {unknown}
 s - a scroll of fog {unknown}
 A - 2 scrolls of teleportation {unknown}
Potions
 j - a potion of heal wounds {unknown}
 l - a potion of haste {unknown}
 q - a potion of curing {unknown}
 z - a potion of magic {unknown}
Comestibles
 g - 4 bread rations
 m - 2 slices of pizza


   Skills:
 - Level 1.5(1.1) Fighting
 * Level 2.5(2.1) Short Blades
 - Level 2.0(1.5) Throwing
 * Level 6.2(5.7) Dodging
 + Level 5.8(5.3) Stealth


You had 3 spell levels left.
You didn't know any spells.

Dungeon Overview and Level Annotations

Branches:
Dungeon (3/15)

Altars:
Nemelex Xobeh
The Shining One


Innate Abilities, Weirdness & Mutations

You are tiny and cannot use many weapons and most armour.
You have supernaturally acute eyesight.
You are a herbivore.
You cover ground extremely quickly.
You need consume almost no food.


Message History

The orc warrior is heavily wounded.
The orc warrior misses you.
A giant gecko comes into view.
You hit the orc warrior.
The orc warrior is heavily wounded.
You barely miss the orc warrior.
The orc warrior is heavily wounded.
The orc warrior hits you with a rapier!
Ouch! That really hurt!
You hit the orc warrior.
The orc warrior is heavily wounded.
The orc warrior completely misses you.
You hit the orc warrior but do no damage.
The orc warrior is heavily wounded.
The orc warrior misses you.
You hit the orc warrior but do no damage.
The orc warrior is heavily wounded.
The orc warrior hits you with a rapier!!
Ouch! That really hurt!
You die...

..#.#.#... ##........# .
...#.#.#..# . .. .........
. ..? #....!.# . ....
#..!...#
.....#..o.$.####..
...(#.o.#.<.......
......l.@..........
....##..#.......... .
#..#...#..........
...#.................
#....................
.....#................
##.#................... ##
.##.....#......#.......
.##.......................


You could see an orc warrior, an orc and a giant gecko.

Vanquished Creatures
  Robin (D:3)
  3 adders (D:2)
  5 orcs
  5 bats
  A giant cockroach (D:1)
  15 goblins
  9 hobgoblins
  2 jackals (D:2)
  A quokka (D:2)
  6 giant newts
  8 kobolds
  6 rats
62 creatures vanquished.

Notes
Turn   | Place    | Note
--------------------------------------------------------------
     0 | D:1      | deanyohobro the Spriggan Assassin began the quest for the Orb.
     0 | D:1      | Reached XP level 1. HP: 10/10 MP: 2/2
   200 | D:1      | Reached XP level 2. HP: 14/14 MP: 3/3
   389 | D:1      | Found a sparkling altar of Nemelex Xobeh.
  1038 | D:2      | Reached XP level 3. HP: 10/18 MP: 4/4
  1678 | D:2      | Reached skill level 5 in Dodging
  1956 | D:3      | Noticed Robin
  2153 | D:2      | Reached XP level 4. HP: 22/22 MP: 5/5
  2426 | D:3      | Found a glowing golden altar of the Shining One.
  2555 | D:3      | Killed Robin
  2555 | D:3      | Reached skill level 6 in Dodging
  2795 | D:3      | Noticed an orc warrior
  2805 | D:3      | Mangled by an orc warrior

Vault maps used:
D:1:      grunt_arrival_crossed_arrows, nemelex_diamond_rough_becter
D:2:      hangedman_decor_opposing
D:3:      first_bread, serial_glass, glass_columns_a, glass_columns_a,
          glass_columns_c, glass_columns_a, glass_columns_a, glass_columns_a,
          glass_columns_b, glass_columns_b, glass_columns_b, glass_columns_a,
          glass_columns_c, glass_columns_b, glass_columns_c, glass_columns_b,
          tso_metal_star, uniq_robin

Action                   |  1- 3 |  4- 6 || total
-------------------------+-------+-------++-------
Melee: Dagger            |    11 |    73 ||    84
       Blowgun           |       |     3 ||     3
 Fire: Blowgun           |   131 |    16 ||   147
 Stab: Sleeping          |    20 |     1 ||    21
       Distracted        |       |     1 ||     1
